 Dungeon Crawl Stone Soup version 0.23.2-40-g277498a001 (webtiles) character file.

Game seed: 7802034350710886723

1366 Descartes the Sneak (level 8, -5/40 HPs)
             Began as a Vine Stalker Warper on Sept 15, 2019.
             Was a Follower of Dithmenos.
             Slain by an orc warrior
             ... wielding a +0 mace
              (14 damage)
             ... on level 4 of the Dungeon.
             The game lasted 00:18:08 (6132 turns).

Descartes the Sneak (Vine Stalker Warper)           Turns: 6132, Time: 00:18:09

Health: -5/40      AC:  8    Str: 14    XL:     8   Next: 65%
Magic:  0/14       EV: 13    Int: 14    God:    Dithmenos [*.....]
Gold:   357        SH:  6    Dex: 15    Spells: 7/13 levels left

rFire    + . .     SeeInvis .   a - +1 falchion
rCold    + . .     Gourm    .   k - +1 buckler
rNeg     . . .     Faith    .   A - +1 robe {rC+ rF+}
rPois    .         Spirit   +   c - +2 hat
rElec    .         Reflect  .   J - +0 cloak
rCorr    .         Harm     .   y - +0 pair of gloves
MR       +....                  q - +0 pair of boots
Stlth    ++++......             (no amulet)
HPRegen  0.53/turn              (no ring)
MPRegen  0.14/turn              (no ring)

@: wreathed by umbra
A: fangs 3, regeneration 1, magic shield, antimagic bite, no potion heal 3, rot
immunity
a: Renounce Religion


You were on level 4 of the Dungeon.
You worshipped Dithmenos.
Dithmenos was aware of your devotion.
You were hungry.

You visited 2 branches of the dungeon, and saw 7 of its levels.

You collected 357 gold pieces.

Inventory:

Hand Weapons
 a - a +1 falchion (weapon)
 l - a +2 whip of flaming
Missiles
 e - 5 tomahawks of dispersal
 p - 169 stones (quivered)
 s - 7 needles of confusion
 u - 131 arrows
 w - 34 bolts
 z - 33 poisoned needles
 C - 15 sling bullets
Armour
 c - a +2 hat (worn)
 k - a +1 buckler (worn)
 q - a +0 pair of boots (worn)
 y - a +0 pair of gloves (worn)
 A - a +1 robe of resistance (worn)
 J - a +0 cloak (worn)
Wands
 n - a wand of paralysis (10)
Scrolls
 b - a scroll of enchant armour
 d - 2 scrolls of blinking
 g - 2 scrolls of remove curse
 h - a scroll of noise {unknown}
 j - a scroll of random uselessness {unknown}
 t - 4 scrolls of teleportation
 H - 2 scrolls of fog {unknown}
Potions
 i - 2 potions of berserk rage
 o - 2 potions of ambrosia
 r - 3 potions of lignification
 x - 4 potions of brilliance
 B - a potion of cancellation
 E - 2 potions of agility {unknown}
 F - 2 potions of flight
 G - 2 potions of curing
Comestibles
 f - 7 rations


   Skills:
 + Level 3.0 Fighting
 + Level 3.0 Long Blades
 - Level 0.8 Throwing
 + Level 2.3 Armour
 + Level 2.7 Dodging
 * Level 5.4 Stealth
 * Level 3.4 Shields
 + Level 2.3 Unarmed Combat
 + Level 3.4 Spellcasting
 + Level 2.3 Charms
 + Level 4.1 Translocations
 + Level 2.4 Transmutations


You had 7 spell levels left.
You knew the following spells:

 Your Spells              Type           Power        Failure   Level  Hunger
a - Shroud of Golubria    Chrm/Tloc      ##........   9%          2    ##.....
b - Blink                 Tloc           N/A          6%          2    ##.....
c - Sticks to Snakes      Tmut           #.......     12%         2    ##.....

Your spell library contained the following spells:

 Spells                   Type           Power        Failure   Level  Hunger
 Beastly Appendage        Tmut           #.....       9%          1    #......
 Gell's Gravitas          Tloc           ##........   12%         3    ###....
 Lesser Beckoning         Tloc           ##........   12%         3    ###....
 Teleport Other           Tloc           ##......     12%         3    ###....
 Passage of Golubria      Tloc           N/A          36%         4    #####..
 Spider Form              Tmut/Pois      #.........   38%         3    ###....
 Ice Form                 Ice/Tmut       #.......     80%         4    #####..
 Blade Hands              Tmut           #.........   92%         5    ######.


Dungeon Overview and Level Annotations

Branches:
Dungeon (6/15)             Temple (1/1) D:5

Altars:
Ashenzari
Cheibriados
Dithmenos
Elyvilon
Fedhas
Gozag
Hepliaklqana
Kikubaaqudgha
Makhleb
Nemelex Xobeh
Okawaru
Qazlal
Ru
Sif Muna
Trog
Uskayaw
Vehumet
Wu Jian
Xom
Yredelemnul
The Shining One


Innate Abilities, Weirdness & Mutations

You have razor-sharp teeth.
Your natural rate of healing is unusually fast.
When hurt, damage is shared between your health and your magic reserves.
Your bite disrupts and absorbs the magic of your enemies.
Potions cannot restore your health.
You are immune to rotting.


Message History

You block the orc warrior's attack.
You completely miss the orc warrior.
The orc warrior is heavily wounded.
The orc warrior hits you with a +0 mace.
You closely miss the orc warrior.
The orc warrior is heavily wounded.
The orc warrior misses you.
You hit the orc warrior but do no damage.
The orc warrior is heavily wounded.
The orc warrior hits you with a +0 mace!
* * * LOW HITPOINT WARNING * * *
All of the chunks of flesh in your inventory have rotted away.
You hit the orc warrior but do no damage.
You bite the orc warrior, but do no damage.
The orc warrior is heavily wounded.
The orc warrior closely misses you.
You hit the orc warrior.
The orc warrior is heavily wounded.
The orc warrior hits you with a +0 mace!!
You die...

###### ############ #....#
#..........# #....# #..........#
#....# #..........# #....##
#..........# #
#.....#######.....[....# ##
#......o@..##..........# .###
#....#####.............#
...######....# ####<.........#
##.##........########.######.###
#..................###≈≈≈≈#.#
####.....#########...#≈≈≈≈#.#
#.....# ###.'≈≈≈≈'.# #.....##
###≈≈≈≈### #...≈..# #≈≈≈≈#


You could see an orc warrior.

Vanquished Creatures
  An ice beast (D:5)
  2 centaurs (D:5)
  2 bullfrogs
  2 scorpions
  A centaur zombie (D:6)
  2 hounds
  2 bullfrog zombies (D:5)
  3 orc priests
  A bullfrog skeleton (D:5)
  10 orc wizards
  2 worker ants
  2 hound zombies (D:5)
  A hound skeleton (D:5)
  3 howler monkey zombies (D:5)
  A worker ant zombie (D:5)
  3 gnolls (D:4)
  6 adders
  A shadow imp (D:6)
  An adder zombie (D:5)
  2 adder skeletons
  7 leopard geckos
  18 orcs
  3 ball pythons
  3 giant cockroaches
  5 goblins
  5 hobgoblins
  4 jackals (D:5)
  15 kobolds
  A quokka (D:5)
  7 bats
  4 frilled lizards
  A jackal zombie (D:5)
  A leopard gecko skeleton (D:5)
  A leopard gecko zombie (D:5)
  A quokka skeleton (D:5)
  A quokka zombie (D:5)
  6 rats
131 creatures vanquished.

Vanquished Creatures (others)
  An orc wizard (D:6)
  A plant (D:3)
2 creatures vanquished.

Grand Total: 133 creatures vanquished

Notes
Turn   | Place    | Note
-------+----------+-------------------------------------------
     0 | D:1      | Descartes the Vine Stalker Warper began the quest for the
                  | Orb.
     0 | D:1      | Reached XP level 1. HP: 11/11 MP: 4/4
   192 | D:1      | Reached skill level 1 in Stealth
   237 | D:1      | Reached XP level 2. HP: 11/15 MP: 4/6
   241 | D:1      | Learned a level 2 spell: Shroud of Golubria
   244 | D:1      | Learned a level 2 spell: Blink
  1218 | D:2      | Reached skill level 1 in Armour
  1250 | D:2      | Reached XP level 3. HP: 15/18 MP: 4/7
  1262 | D:2      | Learned a level 2 spell: Sticks to Snakes
  1957 | D:3      | Reached skill level 2 in Stealth
  2610 | D:3      | Gained mutation: Your natural rate of healing is unusually
                  | fast. [Vine Stalker growth]
  2610 | D:3      | Reached XP level 4. HP: 23/23 MP: 8/8
  2702 | D:3      | Reached skill level 1 in Charms
  2702 | D:3      | Reached skill level 1 in Transmutations
  2807 | D:3      | Reached skill level 1 in Shields
  2825 | D:3      | Reached XP level 5. HP: 15/26 MP: 6/9
  4034 | D:4      | Reached skill level 1 in Unarmed Combat
  4130 | D:5      | Entered Level 5 of the Dungeon
  4149 | D:5      | Reached skill level 3 in Stealth
  4149 | D:5      | Reached XP level 6. HP: 29/31 MP: 9/11
  4267 | D:5      | Found a staircase to the Ecumenical Temple.
  4284 | Temple   | Entered the Ecumenical Temple
  4390 | Temple   | Became a worshipper of Dithmenos the Shadowed
  4629 | D:4      | Reached XP level 7. HP: 18/35 MP: 7/12
  4851 | D:5      | HP: 1/35 [ice beast (6)]
  4923 | D:5      | Reached skill level 4 in Stealth
  4977 | D:5      | Found a snail-covered altar of Cheibriados.
  5093 | D:5      | Reached * piety under Dithmenos
  5307 | D:5      | Gained mutation: You have razor-sharp teeth. [Vine Stalker
                  | growth]
  5307 | D:5      | Reached XP level 8. HP: 29/39 MP: 9/13
  5535 | D:6      | Reached skill level 5 in Stealth
  5662 | D:6      | Found a white marble altar of Elyvilon.
  5722 | D:6      | HP: 2/40 [orc priest/nerve-wracking pain (9)]
  5737 | D:6      | HP: 1/40 [orc priest/divine providence (6)]
  6132 | D:4      | Slain by an orc warrior

Skill      XL: |  1  2  3  4  5  6  7  8 |
---------------+-------------------------+-----
Stealth        | 1 2 3 4 5 |  5.4
Armour         | 1 2 |  2.3
Long Blades    | 2 3 |  3.0
Fighting       | 2 3 |  3.0
Charms         | 1 2 |  2.3
Transmutations | 1 2 |  2.4
Shields        | 1 2 3 |  3.4
Unarmed Combat | 1 2 |  2.3
Dodging        | 2 |  2.7
Spellcasting   | 3 |  3.4
Translocations | 4 |  4.1
Throwing       | |  0.8

Action                   |  1- 3 |  4- 6 |  7- 9 || total
-------------------------+-------+-------+-------++-------
Melee: Falchion          |    94 |   231 |   325 ||   650
       Bite              |    23 |    76 |   124 ||   223
 Cast: Blink             |       |       |     1 ||     1
  Use: Scroll            |     3 |     8 |     2 ||    13
 Stab: Sleeping          |     1 |     3 |     3 ||     7
  Eat: Chunk             |     2 |     7 |     5 ||    14
       Ration            |     1 |       |       ||     1
Armor: Leather armour    |    23 |    87 |    66 ||   176
       Robe              |       |       |    71 ||    71
Dodge: Dodged            |    54 |   118 |   206 ||   378
Block: Buckler           |    10 |    50 |    87 ||   147
       Rpst.: Falchion   |    21 |    40 |    52 ||   113
